 Dungeon Crawl Stone Soup version 0.21-a0-498-g1b60429 (webtiles) character file.

926 mortelune the Cudgeler (level 8, -8/51 HPs)
             Began as a Gargoyle Fighter on Nov 24, 2017.
             Killed from afar by a steam dragon (22 damage)
             ... with a ball of steam
             ... on level 6 of the Dungeon.
             The game lasted 00:12:36 (3863 turns).

mortelune the Cudgeler (Gargoyle Fighter)           Turns: 3863, Time: 00:12:36

Health: -8/51      AC: 18    Str: 24    XL:     8   Next: 10%
Magic:  8/8        EV:  4    Int:  9    God:
Gold:   280        SH:  9    Dex:  9    Spells: 7/7 levels left

rFire    . . .     SeeInvis +   a - +0 flail
rCold    . . .     Gourm    .   c - +0 shield
rNeg     + . .     Faith    .   l - +0 plate armour
rPois    ∞         Spirit   .   (no helmet)
rElec    +         Reflect  .   (no cloak)
rCorr    .         Harm     .   (no gloves)
MR       .....                  (no boots)
Stlth    ..........             (no amulet)
HPRegen  0.17/turn              A - ring of see invisible
MPRegen  0.11/turn              n - +2 ring of strength

@: about to teleport
A: negative energy resistance 1, electricity resistance, unbreathing,
petrification resistance, rot immunity, AC +5
a: no special abilities


You were on level 6 of the Dungeon.
You were not hungry.

You visited 1 branch of the dungeon, and saw 6 of its levels.

You collected 280 gold pieces.

Inventory:

Hand Weapons
 a - a +0 flail (weapon)
 F - a +2 hand axe of holy wrath
Armour
 b - a +0 scale mail
 c - a +0 shield (worn)
 l - a +0 plate armour (worn)
Jewellery
 j - an uncursed ring of ice
 n - a +2 ring of strength (right hand)
 v - an uncursed ring of fire
 y - an uncursed ring of protection from fire
 A - a ring of see invisible (left hand)
Wands
 E - a wand of random effects (27)
Scrolls
 e - a scroll of fear {unknown}
 h - a scroll of enchant armour {unknown}
 k - a scroll of enchant weapon {unknown}
 s - a scroll of remove curse
 x - a scroll of magic mapping {unknown}
 z - a scroll of amnesia {unknown}
 C - 2 scrolls of identify
 D - a scroll of noise {unknown}
Potions
 d - a potion of might
 p - a potion of resistance
 q - 4 potions of mutation
 r - a potion of degeneration
 u - 2 potions of magic
 w - a potion of heal wounds
Books
 t - a book of Misfortune

   Spells                             Type                      Level
   a - Confusing Touch                Hexes                        1
   b - Confuse                        Hexes                        3
   c - Gell's Gravitas                Translocation                3
   d - Petrify                        Transmutation/Earth          4
   e - Metabolic Englaciation         Hexes/Ice                    5
   f - Yara's Violent Unravelling     Hexes/Transmutation          5
 B - a book of Necromancy

   Spells                             Type                      Level
   a - Pain                           Necromancy                   1
   b - Animate Skeleton               Necromancy                   1
   c - Vampiric Draining              Necromancy                   3
   d - Regeneration                   Charms/Necromancy            3
   e - Animate Dead                   Necromancy                   4
   f - Control Undead                 Necromancy                   4
Comestibles
 f - 6 bread rations
 g - 16 fruits
 i - 5 meat rations
 o - 5 royal jellies
 G - 5 chunks of flesh


   Skills:
 + Level 5.8 Fighting
 * Level 6.6 Maces & Flails
 + Level 5.9 Armour
 - Level 3.2 Shields


You had 7 spell levels left.
You didn't know any spells.

Dungeon Overview and Level Annotations

Branches:
Dungeon (6/15)
 Temple: D:4-7

Altars:
Cheibriados
Fedhas


Innate Abilities, Weirdness & Mutations

You are resistant to torment.
Your stone body is resilient. (AC +5)
You are immune to poison.
You resist negative energy. (rN+)
You are resistant to electric shocks. (rElec)
You can survive without breathing.
You are immune to petrification.
You are immune to rotting.


Message History

You are engulfed in a cloud of scalding steam.
The steam dragon bites you but does no damage.
The steam dragon claws you but does no damage.
You barely miss the steam dragon.
The steam dragon is moderately wounded.
You are engulfed in a cloud of scalding steam.
* * * LOW HITPOINT WARNING * * *
The steam dragon bites you but does no damage.
The steam dragon claws you but does no damage.
You hit the steam dragon but do no damage.
The steam dragon is moderately wounded.
You block the steam dragon's attack. The steam dragon barely misses you.
The steam dragon bites you but does no damage.
The steam dragon claws you but does no damage.
As you read the scroll of teleportation, it crumbles to dust.
You feel strangely unstable. You block the steam dragon's attack.
The steam dragon claws you but does no damage.
The steam dragon breathes steam at you. The ball of steam hits you!
You die...

..........##
..........=#
#......##.# .#
#...#..##.# ..#
##...#..##.# . #.##
...........# .
#..##...........# #
##... #....#..D.# #
#...# #......@D.#
###(#.#
#....#..##≈≈.≈P#
#.....#######.#.##
P..≈≈# #..#......#
#.#.# D...PP
..###.....###.#.#
.D..PP ..#
#).....##.#.#
....P# ..#
#...........##
^..≈.# ..#
#.........#..## .##
#.....#.#.##..#####


You could see 2 steam dragons.

Vanquished Creatures
  A centaur (D:6)
  A bullfrog (D:2)
  A scorpion (D:4)
  A howler monkey (D:4)
  3 crimson imps
  A bullfrog zombie (D:5)
  A jelly (D:5)
  A bullfrog skeleton (D:4)
  3 orc priests
  4 hounds
  Terence (D:3)
  2 orc wizards
  2 worker ants (D:5)
  A worker ant zombie (D:5)
  4 adders
  A shadow imp (D:5)
  An ooze (D:4)
  An adder skeleton (D:4)
  4 worms
  3 dart slugs
  3 leopard geckos
  6 orcs
  2 giant cockroaches
  17 goblins
  4 hobgoblins
  2 jackals (D:2)
  6 ball pythons
  A ball python skeleton (D:5)
  11 bats
  6 frilled lizards
  A jackal skeleton (D:4)
  6 kobolds
  A quokka skeleton (D:5)
  2 rats
105 creatures vanquished.

Notes
Turn   | Place    | Note
-------+----------+-------------------------------------------
     0 | D:1      | mortelune the Gargoyle Fighter began the quest for the Orb.
     0 | D:1      | Reached XP level 1. HP: 14/14 MP: 1/1
    51 | D:1      | Reached XP level 2. HP: 19/19 MP: 2/2
   240 | D:1      | Reached XP level 3. HP: 23/23 MP: 3/3
   656 | D:2      | Reached skill level 3 in Maces & Flails
   951 | D:2      | Reached XP level 4. HP: 29/29 MP: 4/4
  1271 | D:3      | Noticed a bullfrog
  1287 | D:2      | Killed a bullfrog
  1287 | D:2      | Reached XP level 5. HP: 27/33 MP: 5/5
  1345 | D:2      | Reached skill level 4 in Maces & Flails
  1445 | D:3      | Found a snail-covered altar of Cheibriados.
  1840 | D:3      | Noticed Terence
  1847 | D:3      | Killed Terence
  2023 | D:4      | Reached XP level 6. HP: 24/39 MP: 6/6
  2380 | D:4      | Reached skill level 5 in Maces & Flails
  2477 | D:4      | Found a blossoming altar of Fedhas.
  2757 | D:4      | Reached skill level 5 in Fighting
  2757 | D:4      | Reached skill level 5 in Armour
  2913 | D:4      | Reached XP level 7. HP: 44/44 MP: 7/7
  3000 | D:5      | Entered Level 5 of the Dungeon
  3343 | D:5      | Reached skill level 6 in Maces & Flails
  3813 | D:6      | Reached XP level 8. HP: 50/51 MP: 8/8
  3863 | D:6      | Killed from afar by a steam dragon

Vault maps used:
D:1:      lemuel_arrival_tunnels
D:2:      lemuel_old_faithful
D:3:      kennysheep_slug_shrine, uniq_terence
D:4:      first_bread, grunt_decor_fettered, dk_vineyard_2, fedhas_altar_3
D:6:      kennysheep_steamy

Skill      XL: |  1  2  3  4  5  6  7 |
---------------+----------------------+-----
Maces & Flails | 3 4 5 6 |  6.6
Fighting       | 4 5 |  5.8
Armour         | 4 5 |  5.9
Shields        | |  3.2

Action                   |  1- 3 |  4- 6 |  7- 9 || total
-------------------------+-------+-------+-------++-------
Melee: Flail             |   108 |   175 |   150 ||   433
  Use: Scroll            |       |     1 |     7 ||     8
  Eat: Chunk             |       |     7 |     3 ||    10
Armor: Scale mail        |    55 |    94 |    12 ||   161
       Plate armour      |       |       |   110 ||   110
Dodge: Dodged            |    32 |    58 |    25 ||   115
Block: Shield            |    51 |    98 |    52 ||   201

Table legend:
 A = Spawn XP
 B = Non-spawn XP
 C = Spawn XP percentage of total XP
 D = Spawn monster count
 E = Non-spawn monster count
 F = Spawn count percentage of total count
 G = Total turns spent on level
                    A         B        C        D         E        F      G
               +---------+---------+-------+---------+---------+-------+---------
         Total |       0 |    1323 |   0.0 |       0 |     105 |   0.0 |  3863
               +---------+---------+-------+---------+---------+-------+---------
           D:1 |       0 |      42 |   0.0 |       0 |      24 |   0.0 |   524
           D:2 |       0 |     151 |   0.0 |       0 |      27 |   0.0 |   767
           D:3 |       0 |     106 |   0.0 |       0 |      20 |   0.0 |   711
           D:4 |       0 |     406 |   0.0 |       0 |      16 |   0.0 |   998
           D:5 |       0 |     453 |   0.0 |       0 |      16 |   0.0 |   789
           D:6 |       0 |     165 |   0.0 |       0 |       2 |   0.0 |    74
               +---------+---------+-------+---------+---------+-------+---------
